 Dungeon Crawl Stone Soup version 0.31-a0-803-g95b03c3367 (webtiles) character file.

Game seed: 10370888001779257577

16360 Dirtsage the Grappler (level 12, -5/94 HPs)
             Began as a Demonspawn Fighter on Sept 21, 2023.
             Was a Priest of Makhleb.
             Slain by a two-headed ogre
             ... wielding the +10 dark maul {heavy}
              (11 damage)
             ... on level 12 of the Dungeon.
             The game lasted 00:23:22 (9671 turns).

Dirtsage the Grappler (Demonspawn Fighter)          Turns: 9671, Time: 00:23:22

Health: -5/94      AC: 23    Str: 22    XL:     12   Next: 9%
Magic:  18/18      EV: 13    Int:  9    God:    Makhleb [***...]
Gold:   627        SH:  5    Dex: 13    Spells: 11/11 levels left

rFire   . .          .
                       - Unarmed
rCold   . . .        c - +0 buckler
rNeg    . . .        k - +0 swamp dragon scales
rPois   +            s - +0 helmet
rElec   .            a - +2 cloak
rCorr   +            (gloves unavailable)
SInv    .            e - +0 pair of boots
Will    .....        H - amulet of regeneration
Stlth   +            C - +4 ring of slaying
HPRegen 1.15/turn    A - +4 ring of protection
MPRegen 0.16/turn

%: no passive effects
@: no status effects
A: claws 3, yellow scales 3, demonic guardian 2, powered by pain 1, augmentation
1
a: Renounce Religion, Minor Destruction, Lesser Servant of Makhleb


You were on level 12 of the Dungeon.
You worshipped Makhleb.
Makhleb was most pleased with you.
You visited 2 branches of the dungeon, and saw 13 of its levels.

You collected 627 gold pieces.

Inventory:

Missiles
 N - 2 curare-tipped darts
 O - a throwing net
Armour
 a - a +2 cloak (worn)
 c - a +0 buckler (worn)
 e - a +0 pair of boots (worn)
 k - +0 swamp dragon scales (worn)
 s - a +0 helmet (worn)
Magical Staves
 M - a staff of air
Jewellery
 l - a +4 ring of protection
 q - a ring of flight
 A - a +4 ring of protection (right claw)
 C - a +4 ring of slaying (left claw)
 H - an amulet of regeneration (around neck)
Wands
 B - a wand of flame (30)
 D - a wand of acid (5)
Scrolls
 b - a scroll of butterflies
 g - 3 scrolls of fear
 i - 4 scrolls of identify
 n - a scroll of vulnerability
 p - a scroll of revelation
 t - 8 scrolls of teleportation
 v - 3 scrolls of enchant armour
 y - a scroll of amnesia
 z - a scroll of enchant weapon {unknown}
 G - a scroll of brand weapon {unknown}
 I - 3 scrolls of fog
 K - a scroll of poison {unknown}
Potions
 d - 3 potions of might
 f - a potion of enlightenment {unknown}
 h - a potion of resistance {unknown}
 j - a potion of cancellation {unknown}
 m - 4 potions of mutation {unknown}
 o - a potion of attraction {unknown}
 r - 2 potions of degeneration {unknown}
 u - a potion of heal wounds {unknown}
 w - 4 potions of brilliance {unknown}
 x - 5 potions of curing {unknown}
 E - 2 potions of berserk rage {unknown}
 F - 2 potions of magic {unknown}
 J - a potion of haste {unknown}
Miscellaneous
 L - a tin of tremorstones (2/2)


   Skills:
 + Level 8.3 Fighting
 - Level 4.0 Axes
 + Level 7.5 Armour
 + Level 6.7 Dodging
 + Level 4.2 Shields
 * Level 11.1 Unarmed Combat
 + Level 9.1 Invocations


You had 11 spell levels left.
You didn't know any spells.
Your spell library contained the following spells:

 Spells                   Type           Power      Damage    Failure   Level
 Jinxbite                 Hex            0%         N/A       75%         2
 Dazzling Flash           Conj/Hex       0%         N/A       92%         3
 Volatile Blastmotes      Fire/Tloc      0%         2d10      92%         3
 Flame Wave               Conj/Fire      0%         2d4       100%        4
 Starburst                Conj/Fire      0%         6d3       100%        6
 Maxwell's Capacitive Co  Air            0%         ∞         100%        8


Dungeon Overview and Level Annotations

Branches:
Dungeon (12/15)            Temple (1/1) D:6            Lair (0/5) D:10
    Orc (0/2) D:11

Altars:
Ashenzari
Cheibriados
Dithmenos
Fedhas
Gozag
Hepliaklqana
Kikubaaqudgha
Makhleb
Nemelex Xobeh
Okawaru
Qazlal
Ru
Sif Muna
Trog
Uskayaw
Vehumet
Wu Jian
Xom
Yredelemnul

Annotations:
D:3 dig arti amul


Innate Abilities, Weirdness & Mutations

You have claws for hands.
You are completely covered in yellow scales. (AC +4, rCorr)
A demonic guardian rushes to your aid.
You sometimes gain a little power by taking damage.
Your magical and physical power is slightly enhanced at high health.


Message History

You hear a shout!
You claw the kobold demonologist!
The kobold demonologist is almost dead.
The kobold demonologist hits you but does no damage.
You mangle the kobold demonologist!!
You kill the kobold demonologist!
Makhleb accepts your kill.
Health restored: 94 The kobold hits you but does no damage.
Things that are here:
a +0 dagger; a +0 robe You claw the kobold!
You kill the kobold!
Makhleb accepts your kill.
No target in view!
You see here a +0 short sword.
A kobold comes into view. It is wielding a +0 club.
You claw the kobold!
You kill the kobold!
Makhleb accepts your kill.
No target in view!
No target in view!
There is a large open door here.
Things that are here:
a +0 club; a kobold corpse A two-headed ogre comes into view.
It is wielding the +10 dark maul {heavy} and a +0 giant club.
A cyclops comes into view.
You barely miss the two-headed ogre.
The two-headed ogre hits you with the +10 dark maul {heavy}!!
The two-headed ogre hits you with a +0 giant club.
You take 26 damage, and have 68/94 hp.
MASSIVE DAMAGE!!
You scratch the two-headed ogre but do no damage.
You mangle the two-headed ogre!!
The two-headed ogre is heavily wounded.
The two-headed ogre hits you with the +10 dark maul {heavy}!!!
Ouch! That really hurt!
* * * LOW HITPOINT WARNING * * *
A demonic guardian appears!
The two-headed ogre hits you with a +0 giant club!
You die...

#.##..###.........#..#
#.............)......#
######'#####...))......#
.......###########.....#
.......'.).).....#.....#
#####..'.....))..#.....#
......########)4#.....#
#......#.........#.....#
#...##.#........@#.##..#
.... ..#.#######O#.....#
.... .## ........#.....#
.. .. ...C.C..#.....#
........####..#
..#.#...#.....#
........#.....#
..#.#...#.....#
........#.....#


You could see a two-headed ogre (ally target), a cyclops and a friendly orange
demon (summoned).

Vanquished Creatures
  Fannar (D:10)
  3 two-headed ogres
  3 death yaks (D:10)
  A cyclops (D:11)
  Joseph (D:10)
  3 centaur zombies (D:10)
  Maggie (D:6)
  A centaur skeleton (D:10)
  An unseen horror (D:9)
  A gargoyle (D:11)
  A kobold demonologist (D:12)
  A polar bear (D:10)
  4 trolls
  2 hellwings (D:10)
  Prince Ribbit (D:8)
  A harpy skeleton (D:10)
  Eustachio (D:6)
  An unseen horror simulacrum (D:10)
  12 yaks
  3 steam dragons
  An acid dragon (D:10)
  A sky beast (D:6)
  5 orc warriors
  6 ice beasts
  A black bear (D:5)
  4 ogres (D:11)
  2 wolves (D:10)
  3 centaurs
  2 phantoms
  5 kobold brigands
  2 bullfrogs
  5 gnoll sergeants
  3 scorpions
  4 wights (D:9)
  5 killer bees (D:10)
  4 howler monkeys
  2 jellies
  4 orc priests
  3 hounds (D:5)
  3 sleepcaps
  6 iguanas
  10 orc wizards
  2 hell rats (D:10)
  A boggart skeleton (D:10)
  2 human simulacra (D:11)
  8 gnolls
  11 adders
  4 shadow imps (D:10)
  3 white imps
  4 worms
  5 dart slugs
  27 orcs
  4 ball pythons
  5 bats
  7 endoplasms
  4 giant cockroaches
  5 goblins
  7 hobgoblins
  3 jackals
  11 kobolds
  9 quokkas
  A frilled lizard (D:2)
  9 rats
256 creatures vanquished.

Vanquished Creatures (collateral kills)
  An ice beast (D:10)
  A black bear (D:5)
  An orc (D:11)
3 creatures vanquished.

Vanquished Creatures (others)
  A steam dragon (D:6)
1 creature vanquished.

Grand Total: 260 creatures vanquished

Notes
Turn   | Place    | Note
-------+----------+-------------------------------------------
     0 | D:1      | Dirtsage the Demonspawn Fighter began the quest for the
                  | Orb.
     0 | D:1      | Reached XP level 1. HP: 18/18 MP: 1/1
   195 | D:1      | Gained mutation: You sometimes gain a little power by
                  | taking damage. [demonic ancestry]
   195 | D:1      | Reached XP level 2. HP: 23/24 MP: 2/2
   744 | D:2      | Reached XP level 3. HP: 25/29 MP: 3/3
  1364 | D:1      | Gained mutation: You have sharp fingernails. [demonic
                  | ancestry]
  1364 | D:1      | Reached XP level 4. HP: 7/35 MP: 4/4
  1687 | D:2      | Reached skill level 1 in Unarmed Combat
  2254 | D:3      | Reached skill level 2 in Unarmed Combat
  2347 | D:3      | Gained mutation: You are partially covered in yellow
                  | scales. (AC +2) [demonic ancestry]
  2347 | D:3      | Reached XP level 5. HP: 39/41 MP: 5/5
  2740 | D:3      | Reached skill level 3 in Unarmed Combat
  2926 | D:4      | Reached skill level 4 in Unarmed Combat
  2926 | D:4      | Gained mutation: You are mostly covered in yellow scales.
                  | (AC +3) [demonic ancestry]
  2926 | D:4      | Reached XP level 6. HP: 44/47 MP: 6/6
  3408 | D:4      | Noticed an ice beast
  3415 | D:4      | Killed an ice beast
  3416 | D:4      | Reached skill level 5 in Unarmed Combat
  3765 | D:5      | Entered Level 5 of the Dungeon
  3787 | D:5      | Gained mutation: A weak demonic guardian rushes to your
                  | aid. [demonic ancestry]
  3787 | D:5      | Reached XP level 7. HP: 40/52 MP: 7/7
  3952 | D:5      | Reached skill level 1 in Dodging
  4227 | D:5      | Reached skill level 6 in Unarmed Combat
  4526 | D:5      | Found an opulent altar of Gozag.
  4717 | D:5      | Found a burning altar of Makhleb.
  4717 | D:5      | Found a hazy altar of Hepliaklqana.
  4720 | D:5      | Became a worshipper of Makhleb the Destroyer
  4778 | D:5      | Found a shimmering blue altar of Sif Muna.
  4880 | D:6      | Gained mutation: A demonic guardian rushes to your aid.
                  | [demonic ancestry]
  4880 | D:6      | Reached XP level 8. HP: 56/60 MP: 8/8
  4894 | D:6      | Found a staircase to the Ecumenical Temple.
  4925 | D:6      | Reached skill level 1 in Invocations
  4942 | Temple   | Entered the Ecumenical Temple
  5107 | D:6      | Noticed Maggie
  5119 | D:6      | Killed Maggie
  5163 | D:6      | Found a basalt altar of Yredelemnul.
  5175 | D:6      | Reached skill level 7 in Unarmed Combat
  5543 | D:6      | Reached skill level 5 in Fighting
  5621 | D:6      | Gained mutation: You have very sharp fingernails. [demonic
                  | ancestry]
  5621 | D:6      | Reached XP level 9. HP: 68/68 MP: 11/11
  5719 | D:6      | Noticed Eustachio
  5733 | D:6      | Killed Eustachio
  6127 | D:7      | Found a shadowy altar of Dithmenos.
  6283 | D:7      | Found a blossoming altar of Fedhas.
  6620 | D:8      | Reached * piety under Makhleb
  6621 | D:8      | Reached skill level 5 in Armour
  6628 | D:8      | Reached skill level 8 in Unarmed Combat
  6730 | D:8      | Reached skill level 5 in Invocations
  6909 | D:8      | Found a shimmering altar of Xom.
  6930 | D:8      | Noticed Prince Ribbit
  6949 | D:8      | Killed Prince Ribbit
  7457 | D:9      | Killed an unseen horror
  7458 | D:9      | Gained mutation: You have claws for hands. [demonic
                  | ancestry]
  7458 | D:9      | Reached XP level 10. HP: 72/76 MP: 14/14
  7579 | D:9      | Reached skill level 9 in Unarmed Combat
  7629 | D:9      | You fall into a shaft and drop 2 floors!
  7631 | D:11     | Noticed a gargoyle
  7637 | D:10     | Entered Level 10 of the Dungeon
  7669 | D:10     | Reached skill level 5 in Dodging
  7696 | D:10     | Reached ** piety under Makhleb
  7710 | D:10     | Noticed Fannar
  7735 | D:10     | Killed Fannar
  7736 | D:10     | Gained mutation: You are completely covered in yellow
                  | scales. (AC +4, rCorr) [demonic ancestry]
  7736 | D:10     | Reached XP level 11. HP: 70/84 MP: 16/16
  7803 | D:10     | Noticed a two-headed ogre
  7812 | D:10     | Killed a two-headed ogre
  7813 | D:10     | Reached skill level 10 in Unarmed Combat
  7941 | D:10     | Found an ornate altar of the Wu Jian Council.
  7983 | D:10     | Noticed a death yak
  7990 | D:10     | Noticed a death yak
  7993 | D:10     | Noticed a death yak
  8003 | D:10     | Killed a death yak
  8013 | D:10     | Killed a death yak
  8020 | D:10     | Killed a death yak
  8171 | D:10     | Found a staircase to the Lair.
  8290 | D:10     | Reached *** piety under Makhleb
  8388 | D:10     | Noticed Joseph
  8396 | D:10     | Killed Joseph
  8547 | D:9      | Found an iron altar of Okawaru.
  8577 | D:9      | Got a quavering book
  8968 | D:11     | Noticed a two-headed ogre
  8975 | D:11     | Killed a two-headed ogre
  9179 | D:11     | Found a staircase to the Orcish Mines.
  9225 | D:11     | Reached skill level 11 in Unarmed Combat
  9435 | D:11     | Gained mutation: Your magical and physical power is
                  | slightly enhanced at high health. [demonic ancestry]
  9435 | D:11     | Reached XP level 12. HP: 76/93 MP: 18/18
  9634 | D:12     | Noticed a two-headed ogre
  9643 | D:12     | Killed a two-headed ogre
  9664 | D:12     | Noticed a two-headed ogre
  9671 | D:12     | Slain by a two-headed ogre

Illustrated notes

Levels and vault maps discovered:
D:1:      minmay_arrival_doors, layout_basic, minmay_three_crescents
D:2:      layout_basic, basic_altar
D:3:      layout_basic, minmay_misc_feat_room, minmay_surrounded
D:4:      layout_basic, kennysheep_crisscross
D:5:      layout_gridville, lemuel_blue_sif_altar,
          mainiacjoe_overflow_boulevard, mainiacjoe_overflow_small_starburst,
          gammafunk_temple_overflow_elements
D:6:      cheibrodos_steamvent, layout_gridville, mainiacjoe_overflow_brackets,
          minmay_temple_entry_ruins, uniq_maggie, uniq_eustachio
D:7:      layout_cave_pools, lemuel_crystal_altar, grunt_dithmenos_smoke,
          fedhas_altar_2
D:8:      layout_basic, mainiacjoe_overflow_concentric_impassable,
          uniq_prince_ribbit1
D:9:      layout_rooms, marbit_many_paths
D:10:     cheibrodos_grave_circle, layout_rooms, amcnicky_altar_gilded,
          dpeg_lair_monsters, serial_ice, serial_ice_f, serial_ice_b,
          serial_ice_a, serial_ice_e, serial_ice_o, serial_ice_n,
          minmay_hedge_maze, uniq_joseph, uniq_fannar
D:11:     layout_basic, kennysheep_orc_monster_closet_entryway,
          bh_circular_ruins
D:12:     layout_stronghold, hellmonk_guarded_unrand_dark_maul
Temple:   eino_wide_crystal_templ

Skill      XL: |  1  2  3  4  5  6  7  8  9 10 11 |
---------------+----------------------------------+-----
Axes           | 2 3 4 |  4.0
Unarmed Combat | 2 4 5 6 7 8 9 11 | 11.1
Armour         | 3 4 5 6 7 |  7.5
Dodging        | 2 3 4 5 6 |  6.7
Fighting       | 4 5 6 7 8 |  8.3
Invocations    | 3 5 7 9 |  9.1
Shields        | 4 |  4.2

Action                     |  1- 3 |  4- 6 |  7- 9 | 10-12 || total
---------------------------+-------+-------+-------+-------++-------
  Melee: War axe           |    92 |   122 |       |       ||   214
         Unarmed           |       |    73 |   250 |   423 ||   746
  Evoke: Wand              |       |       |     3 |     1 ||     4
    Use: Scroll            |       |       |     9 |       ||     9
         Potion            |       |       |     1 |       ||     1
   Stab: Sleeping          |       |     2 |       |       ||     2
 Armour: Scale mail        |    86 |    78 |       |       ||   164
         Leather armour    |       |    52 |    77 |       ||   129
         Swamp dragon scal |       |       |   108 |   279 ||   387
  Dodge: Dodged            |    37 |    98 |   104 |   186 ||   425
  Block: Buckler           |    18 |    36 |    38 |    70 ||   162

Table legend: (Time is in decaauts)
 A = Elapsed time spent in this place.
 B = Non-inter-level travel time spent in this place.
 C = Inter-level travel time spent in this place.
 D = Time resting spent in this place.
 E = Time spent auto-exploring this place.
 F = Levels seen in this place.
 G = Mean time per level.
                   A        B        C        D        E       F      G
               +--------+--------+--------+--------+--------+-----+--------+
         Total |   9653 |   9258 |    395 |    319 |   7153 |  13 |  742.5 |
       Dungeon |   9651 |   9256 |    395 |    319 |   7153 |  12 |  804.2 |
        Temple |      1 |      1 |      0 |      0 |      0 |   1 |    1.0 |
               +--------+--------+--------+--------+--------+-----+--------+

Top non-repeatable levels by time:
     D:6: 1203 daAuts
     D:2: 1145 daAuts
     D:5: 1079 daAuts
     D:3: 1038 daAuts
     D:4: 926 daAuts
    D:10: 906 daAuts
     D:8: 774 daAuts
    D:11: 747 daAuts
     D:1: 729 daAuts
     D:7: 544 daAuts
     D:9: 450 daAuts
    D:12: 105 daAuts
  Temple: 1 daAuts
